 Dungeon Crawl Stone Soup version 0.31-a0-692-gf03d1854d5 (webtiles) character file.

Game seed: 8381786924926147669

72 Essalna the Conjurer (level 4, 0/30 HPs)
             Began as a Demonspawn Conjurer on Sept 7, 2023.
             Slain by a river rat (6 damage)
             ... on level 3 of the Dungeon.
             The game lasted 00:02:52 (2276 turns).

Essalna the Conjurer (Demonspawn Conjurer)          Turns: 2276, Time: 00:02:53

Health: 0/30       AC:  2    Str:  7    XL:     4   Next: 7%
Magic:  8/8        EV: 12    Int: 21    God:
Gold:   97         SH:  9    Dex: 12    Spells: 6/9 levels left

rFire   . . .        (no weapon)
rCold   . . .        (no shield)
rNeg    . . .        a - +0 robe
rPois   .            (no helmet)
rElec   .            (no cloak)
rCorr   .            (no gloves)
SInv    .            (no boots)
Will    .....        f - amulet of reflection
Stlth   ++           (no ring)
HPRegen 0.25/turn    (no ring)
MPRegen 0.11/turn

%: reflection
@: no status effects
A: large bone plates 1, foul stench 1
a: no special abilities


You were on level 3 of the Dungeon.
You visited 1 branch of the dungeon, and saw 3 of its levels.

You collected 97 gold pieces.

Inventory:

Armour
 a - a +0 robe (worn)
Jewellery
 f - an amulet of reflection (around neck)
 l - an amulet of guardian spirit
Scrolls
 c - 2 scrolls of fog {unknown}
 g - a scroll of fear {unknown}
 j - a scroll of revelation {unknown}
 m - a scroll of amnesia {unknown}
 n - a scroll of teleportation {unknown}
 o - a scroll of enchant armour {unknown}
Potions
 b - a potion of magic
 d - a potion of might {unknown}
 e - 5 potions of curing {unknown}
 h - a potion of berserk rage {unknown}
 i - a potion of attraction {unknown}
 k - a potion of mutation {unknown}


   Skills:
 - Level 1.7 Dodging
 - Level 1.7 Stealth
 + Level 3.2 Spellcasting
 + Level 4.9 Conjurations


You had 6 spell levels left.
You knew the following spells:

 Your Spells              Type           Power      Damage    Failure   Level
a - Magic Dart            Conj           92%        1d7       1%          1
b - Searing Ray           Conj           46%        2d6       2%          2

Your spell library contained the following spells:

 Spells                   Type           Power      Damage    Failure   Level
 Foxfire                  Conj/Fire      52%        2x1d6     4%          1
 Shock                    Conj/Air       52%        1d6       4%          1
 Dazzling Flash           Conj/Hex       26%        N/A       14%         3
 Gell's Gravitas          Tloc           3%         N/A       36%         3
 Ozocubu's Armour         Ice            3%         N/A       36%         3
 Portal Projectile        Hex/Tloc       6%         N/A       36%         3
 Swiftness                Air            3%         N/A       36%         3
 Teleport Other           Tloc           3%         N/A       36%         3
 Tukima's Dance           Hex            3%         N/A       36%         3
 Fulminant Prism          Conj/Hex       6%         3d7       43%         4
 Iskenderun's Mystic Bla  Conj/Tloc      13%        2d5       43%         4
 Airstrike                Air            1%         2d(1-17)  78%         4
 Dispersal                Tloc           1%         N/A       100%        6
 Plasma Beam              Fire/Air       1%         2x1d11    100%        6
 Starburst                Conj/Fire      6%         6d4       100%        6
 Ozocubu's Refrigeration  Ice            1%         4d7       100%        7


Dungeon Overview and Level Annotations

Branches:
Dungeon (3/15)

Altars:

Portals:
Sewer: D:3


Innate Abilities, Weirdness & Mutations

You are partially covered in large bone plates. (SH +4)
You may rarely emit foul miasma when damaged in melee.


Message History

The river rat barely misses you. You block the rat's attack.
The river rat bites you! The rat bites you. The river rat barely misses you.
The rat bites you but does no damage. You block the river rat's attack.
The rat closely misses you. The river rat misses you. The rat misses you.
The river rat bites you! The rat bites you. You block the river rat's attack.
The rat bites you but does no damage.
The river rat bites you but does no damage.
The rat bites you. The river rat barely misses you. You block the rat's attack.
The river rat bites you but does no damage.
You block the rat's attack.
You hear the rusting of a drain.
You block the river rat's attack. The rat bites you.
You emit a cloud of foul miasma!
The river rat barely misses you.
The rat is engulfed in dark miasma.
The rat is poisoned.
You kill the rat!
The river rat closely misses you. You block the river rat's attack.
The river rat bites you.
* * * LOW HITPOINT WARNING * * *
You block the river rat's attack. The river rat bites you.
* * * LOW HITPOINT WARNING * * *
The river rat bites you.
* * * LOW HITPOINT WARNING * * *
You block the river rat's attack. You block the river rat's attack.
The river rat bites you.
* * * LOW HITPOINT WARNING * * *
The river rat closely misses you. The river rat completely misses you.
The river rat barely misses you. You block the river rat's attack.
You block the river rat's attack. You block the river rat's attack.
You block the river rat's attack. The river rat bites you.
You die...

#.. #####..##
........#### .........#.
.. ..~~~..... #.#
.~~~~~... #.# .~~∩~~r.#
#.# .~~~~~.@### #.#
..~~~.....# #.#
........#.###.#
..?....†.....^##########
##.#####?###....†.....†.
# #.# ##.########## #.#
#.# # #.# #.# # #. #.# #


You could see a river rat.

Vanquished Creatures
  2 adders (D:2)
  2 worms
  8 ball pythons
  6 endoplasms
  A giant cockroach (D:1)
  5 goblins
  4 hobgoblins
  3 jackals (D:2)
  2 quokkas
  2 bats
  2 frilled lizards (D:2)
  2 kobolds
  6 rats
45 creatures vanquished.

Notes
Turn   | Place    | Note
-------+----------+-------------------------------------------
     0 | D:1      | Essalna the Demonspawn Conjurer began the quest for the
                  | Orb.
     0 | D:1      | Reached XP level 1. HP: 13/13 MP: 3/3
   447 | D:1      | Gained mutation: You are partially covered in large bone
                  | plates. (SH +4) [demonic ancestry]
   447 | D:1      | Reached XP level 2. HP: 19/19 MP: 1/5
   740 | D:1      | You fall into a shaft and drop 1 floor!
   921 | D:2      | Reached XP level 3. HP: 24/24 MP: 4/7
   924 | D:2      | Learned a level 2 spell: Searing Ray
  2165 | D:3      | Gained mutation: You may rarely emit foul miasma when
                  | damaged in melee. [demonic ancestry]
  2165 | D:3      | Reached XP level 4. HP: 30/30 MP: 5/8
  2231 | D:3      | Found a glowing drain.
  2276 | D:3      | Slain by a river rat

Illustrated notes

Levels and vault maps discovered:
D:1:      roderic_chinese_lattice_arrival, layout_loops_cross,
          kennysheep_doodads
D:2:      layout_loops_cross
D:3:      layout_loops_ring, portal_sewer_entry_a, serial_shops, shop

Skill      XL: |  1  2  3 |
---------------+----------+-----
Spellcasting   | 3 |  3.2
Dodging        | |  1.7
Stealth        | |  1.7
Conjurations   | |  4.9

Action                     |  1- 3 |  4- 6 || total
---------------------------+-------+-------++-------
  Melee: Unarmed           |    51 |       ||    51
         Punch             |     1 |       ||     1
   Cast: Magic Dart        |    91 |       ||    91
         Searing Ray       |     1 |       ||     1
 Armour: Robe              |    24 |    16 ||    40
  Dodge: Dodged            |    17 |    19 ||    36
  Block: Other             |    22 |    22 ||    44

Table legend: (Time is in decaauts)
 A = Elapsed time spent in this place.
 B = Non-inter-level travel time spent in this place.
 C = Inter-level travel time spent in this place.
 D = Time resting spent in this place.
 E = Time spent auto-exploring this place.
 F = Levels seen in this place.
 G = Mean time per level.
                   A        B        C        D        E       F      G
               +--------+--------+--------+--------+--------+-----+--------+
         Total |   2276 |   2263 |     13 |     49 |   1910 |   3 |  758.7 |
       Dungeon |   2276 |   2263 |     13 |     49 |   1910 |   3 |  758.7 |
               +--------+--------+--------+--------+--------+-----+--------+

Top non-repeatable levels by time:
     D:2: 1378 daAuts
     D:1: 740 daAuts
     D:3: 158 daAuts
